[Event "fics rated crazyhouse match"]
[Site "fics, Oklahoma City, OK USA"]
[Date "2001.03.07"]
[White "Sunsetter"]
[WhiteElo "2364"]
[Black "DesX"]
[BlackElo "2262"]
[TimeControl "180+0"]
[Result "1-0"]

1. e4 e5 2. Bc4 Nc6 3. Nc3 d6 4. d3 Be7 5. Qh5 g6 6. Qe2 
Nf6 7. Nf3 O-O 8. Bh6 Ng4 9. Bxf8 Bxf8 10. Nd1 B@d4 11. c3 Bc5 
12. Bd5 Bg7 13. Rg1 Bd7 14. Rc1 Qe7 15. b4 Bb6 16. b5 Rf8 17. bxc6 
bxc6 18. Bb3 P@d4 19. cxd4 exd4 20. N@b4 P@e3 21. Rxc6 exf2+ 22. Nxf2 Nxf2 
23. Qxf2 P@e3 24. Qc2 Bxc6 25. Nxc6 Qxe4 26. dxe4 P@f2+ 27. Kf1 fxg1=Q+ 28. Kxg1 
R@a1+ 29. N@d1 Rxa2 30. Qxa2 P@f2+ 31. Nxf2 exf2+ 32. Qxf2 N@g4 33. Bxf7+ Rxf7 
34. Q@c8+ B@f8 35. Qxg4 d3 36. B@e3 R@e2 37. P@e6 Rxf2 38. exf7# 
{DesX resigns} 1-0

[Event "fics rated crazyhouse match"]
[Site "fics, Oklahoma City, OK USA"]
[Date "2001.03.07"]
[White "DesX"]
[WhiteElo "2256"]
[Black "Sunsetter"]
[BlackElo "2370"]
[TimeControl "180+0"]
[Result "0-1"]

1. d4 e6 2. Nf3 Nf6 3. Nc3 Nc6 4. Bf4 Bb4 5. e3 Ne4 6. Bd3 
Nxc3 7. bxc3 Bxc3+ 8. Nd2 N@b2 9. Qe2 Nxd3+ 10. Qxd3 Bxa1 11. O-O B@g6 
12. e4 Bxd4 13. Nf3 R@c3 14. Qxd4 Nxd4 15. Nxd4 Bxe4 16. B@b4 Bxg2 17. N@g3 
Rxg3 18. fxg3 Q@h1+ 19. Kf2 Qxf1+ 20. Ke3 N@c4# 
{DesX checkmated} 0-1

[Event "fics rated crazyhouse match"]
[Site "fics, Oklahoma City, OK USA"]
[Date "2001.03.07"]
[White "Sunsetter"]
[WhiteElo "2375"]
[Black "DesX"]
[BlackElo "2251"]
[TimeControl "180+0"]
[Result "0-1"]

1. Nf3 e6 2. d4 b6 3. e4 Bb7 4. Bd3 Nf6 5. Qe2 Be7 6. Nc3 
O-O 7. Bg5 d5 8. e5 Ne4 9. Bxe7 Qxe7 10. Bxe4 dxe4 11. Nxe4 Bxe4 
12. Qxe4 B@c6 13. Qe3 N@f5 14. Qd2 Bxf3 15. gxf3 N@g2+ 16. Kd1 Nc6 17. B@g5 
f6 18. exf6 gxf6 19. B@a3 P@b4 20. Bxb4 Nxb4 21. Bh6 Nxh6 22. Qxh6 B@g7 
23. Qd2 B@h6 24. P@e3 B@g5 25. B@g1 Nh4 26. N@e1 Nxf3 27. Nxf3 P@g2 28. N@g3 
gxh1=Q 29. Nxh1 Nd5 30. N@c6 Qf7 31. Nxg5 Bxg5 32. B@d3 N@f3 33. Qe2 Nxg1 
34. Qe1 B@h5+ 35. P@e2 Nh3 36. P@d2 R@g1 37. Qxg1 Nxg1 38. R@e1 Nxe2 39. Bxe2 
Bxe2+ 40. Rxe2 B@f3 41. Ng3 Bxe2+ 42. Nxe2 P@f3 43. B@f1 R@h1 44. B@e1 Rxf1 
45. N@h6+ B7xh6 46. Ng3 Rxe1+ 47. Kxe1 N@g2+ 48. Kf1 B@e2+ 49. Kg1 Ngf4 50. Ne7+ 
Nxe7 51. R@h8+ Kxh8 52. P@g2 Nh3+ 53. Kh1 R@g1+ 54. Rxg1 Nxf2# 
{Sunsetter checkmated} 0-1

[Event "fics rated crazyhouse match"]
[Site "fics, Oklahoma City, OK USA"]
[Date "2001.03.07"]
[White "DesX"]
[WhiteElo "2262"]
[Black "Sunsetter"]
[BlackElo "2364"]
[TimeControl "180+0"]
[Result "0-1"]

1. d4 Nf6 2. Nf3 d5 3. Bf4 Nc6 4. e3 e6 5. Bd3 Bb4+ 6. c3 
Be7 7. O-O Bd7 8. Nbd2 Nh5 9. Ne5 Nxf4 10. exf4 Nxe5 11. dxe5 Bc5 
12. N@h5 Kf8 13. Qg4 N@e8 14. Nf3 Rc8 15. Ng5 B@g8 16. Nxg7 Nxg7 17. P@f6 
N@e8 18. fxg7+ Nxg7 19. Nxh7+ Bxh7 20. Bxh7 Rxh7 21. B@f6 B@f5 22. Bxg7+ Rxg7 
23. Qxg7+ Kxg7 24. N@h5+ Kf8 25. P@f6 N@g4 26. R@h8+ B@g8 27. N@d4 Bxd4 28. N@h3 
Bc5 29. b4 Bb6 30. a4 Nxh2 31. a5 N@f3+ 32. Kh1 Nxf1 
{DesX resigns} 0-1

[Event "fics rated crazyhouse match"]
[Site "fics, Oklahoma City, OK USA"]
[Date "2001.03.07"]
[White "Sunsetter"]
[WhiteElo "2370"]
[Black "DesX"]
[BlackElo "2256"]
[TimeControl "180+0"]
[Result "1-0"]

1. d4 d5 2. Nf3 Nf6 3. e3 e6 4. Bb5+ Nc6 5. Ne5 Bd7 6. Bxc6 
bxc6 7. Nc3 Bd6 8. N@b7 Qe7 9. Nxd6+ cxd6 10. Nxd7 Nxd7 11. B@b7 O-O 
12. Bxc6 N@h4 13. B@h3 N@g5 14. Nxd5 exd5 15. Bcxd7 B@e6 16. Bdxe6 fxe6 17. N@c6 
Qf7 18. P@f4 Nxh3 19. gxh3 Ng2+ 20. Kf1 Nh4 21. N@e7+ Kh8 22. Rg1 B@f3 
23. P@e2 B@g2+ 24. Ke1 Bxe2 25. Qxe2 Nf3+ 26. Qxf3 Bxf3 27. B@d1 Bxd1 28. Kxd1 
B@f3+ 29. N@e2 Bxe2+ 30. Kxe2 P@f3+ 31. Kxf3 N@h4+ 32. Ke2 Q@f3+ 33. Ke1 N@g2+ 
34. Kd2 Qxf2+ 35. Kc3 Qxe3+ 36. Bxe3 Nxe3 37. B@d3 P@c5 38. P@h6 P@b4+ 39. Kd2 
Nef5 40. Bxf5 Nxf5 41. Nxf5 exf5 42. hxg7+ Qxg7 43. Rxg7 N@e4+ 44. Ke2 B@b5+ 
45. P@d3 Bxc6 46. N@g6# 
{DesX resigns} 1-0

[Event "fics rated crazyhouse match"]
[Site "fics, Oklahoma City, OK USA"]
[Date "2001.03.07"]
[White "DesX"]
[WhiteElo "2251"]
[Black "Sunsetter"]
[BlackElo "2375"]
[TimeControl "180+0"]
[Result "1-0"]

1. d4 e6 2. Nf3 d5 3. Nc3 Nc6 4. Bf4 Bd7 5. e3 Nf6 6. Bd3 
Bb4 7. Ne5 Rg8 8. O-O Rc8 9. Qe2 Bxc3 10. bxc3 Nxe5 11. dxe5 Ne4 
12. Bxe4 dxe4 13. N@h5 N@d5 14. B@c4 Nxc3 15. Qg4 B@g6 16. N@f6+ gxf6 17. Nxf6+ 
Kf8 18. Bh6+ P@g7 19. Nxg8 Kxg8 20. Bxg7 Kxg7 21. P@f6+ Kg8 22. P@g7 N@e2+ 
23. Bxe2 Nxe2+ 24. Qxe2 Qxf6 25. exf6 N@h3+ 26. gxh3 N@f3+ 27. Qxf3 B@d6 28. R@h8# 
{Sunsetter checkmated} 1-0

[Event "fics rated crazyhouse match"]
[Site "fics, Oklahoma City, OK USA"]
[Date "2001.03.07"]
[White "Sunsetter"]
[WhiteElo "2364"]
[Black "DesX"]
[BlackElo "2262"]
[TimeControl "180+0"]
[Result "1-0"]

1. Nf3 d5 2. d4 Nf6 3. e3 Bf5 4. Bb5+ Nc6 5. Bxc6+ bxc6 6. N@e5 
B@d7 7. Nxf7 Kxf7 8. Ne5+ Ke6 9. g4 Be4 10. P@f5+ Kd6 11. Nf7# 
{DesX checkmated} 1-0

[Event "fics rated crazyhouse match"]
[Site "fics, Oklahoma City, OK USA"]
[Date "2001.03.07"]
[White "DesX"]
[WhiteElo "2256"]
[Black "Sunsetter"]
[BlackElo "2370"]
[TimeControl "180+0"]
[Result "0-1"]

1. d4 Nf6 2. Nf3 e6 3. Bf4 d6 4. e3 Be7 5. Bd3 Nc6 6. O-O 
Bd7 7. Nbd2 Nh5 8. Qe2 Nxf4 9. exf4 Bf6 10. c3 d5 11. Ne5 Nxe5 
12. dxe5 Bh4 13. N@h5 B@f8 14. Nf3 Bhe7 15. Ng5 Bxg5 16. fxg5 Qxg5 17. N@f6+ 
gxf6 18. Nxf6+ Kd8 19. P@g3 Qh6 20. Bb5 Bxb5 21. Qxb5 B@c6 22. Qe2 P@g7 
23. B@e3 g5 24. Ng4 Qg7 25. B@f6+ Qxf6 26. exf6 B@b5 27. Bxg5 Ba6 28. P@e7+ 
Kd7 29. exf8=Q Rhxf8 30. Ne5+ Kc8 31. Nxc6 Bxe2 32. Q@e7 N@h3+ 33. gxh3 N@f3+ 
34. Kh1 P@g2+ 35. Kxg2 Nh4+ 36. gxh4 Bf3+ 37. Kxf3 Q@e4+ 38. Kg3 N@e2# 
{DesX checkmated} 0-1

[Event "fics rated crazyhouse match"]
[Site "fics, Oklahoma City, OK USA"]
[Date "2001.03.07"]
[White "Sunsetter"]
[WhiteElo "2375"]
[Black "DesX"]
[BlackElo "2251"]
[TimeControl "180+0"]
[Result "1-0"]

1. e3 d5 2. b3 e5 3. Nc3 Bd6 4. Nf3 Be6 5. Nb5 Ne7 6. Nxd6+ 
cxd6 7. Bb5+ Nbc6 8. Bb2 O-O 9. Bxc6 bxc6 10. N@b7 Qd7 11. Nxd6 Qxd6 
12. Bxe5 Qxe5 13. Nxe5 B@f6 14. B@b4 N@h4 15. Q@f1 B@e4 16. Bxe7 Bxe7 17. P@f3 
Bxf3 18. Nxf3 Nxf3+ 19. gxf3 B@g4 20. fxg4 P@e4 21. N@d4 c5 22. Nxe6 N@f3+ 
23. Qxf3 exf3 
{DesX resigns} 1-0

[Event "fics rated crazyhouse match"]
[Site "fics, Oklahoma City, OK USA"]
[Date "2001.03.07"]
[White "DesX"]
[WhiteElo "2246"]
[Black "Sunsetter"]
[BlackElo "2380"]
[TimeControl "180+0"]
[Result "1-0"]

1. d4 d5 2. Nf3 Nf6 3. Bf4 Bf5 4. e3 e6 5. Bd3 Bxd3 6. cxd3 
Nbd7 7. O-O Nh5 8. Nc3 Nxf4 9. exf4 B@h5 10. B@e3 Rc8 11. N@g3 Bg4 
12. h3 Bxf3 13. Qxf3 N@h4 14. Qg4 Ng6 15. B@g5 Be7 16. Bxe7 Qxe7 17. B@e5 
f6 18. f5 Ndxe5 19. dxe5 Nxe5 20. Qa4+ B@c6 21. fxe6 Bxa4 22. Nxa4 Qxe6 
23. B@f5 P@h2+ 24. Kxh2 Qc6 25. Bxc8 Qxa4 26. P@d7+ Nxd7 27. Bxd7+ Qxd7 28. N@c5 
Qd6 29. P@d7+ Kf7 30. N@f5 Qe5 31. R@e7+ Qxe7 32. Nxe7 Q@d6 33. Nf5 Qe5 
34. d4 R@h5 35. Q@g4 Rxh3+ 36. Qxh3 Qxe3 37. Nxe3 N@f3+ 38. gxf3 B@h5 39. Q@e6+ 
Kf8 40. d8=Q+ Be8 41. Nd7# 
{Sunsetter checkmated} 1-0

[Event "fics rated crazyhouse match"]
[Site "fics, Oklahoma City, OK USA"]
[Date "2001.03.07"]
[White "Sunsetter"]
[WhiteElo "2369"]
[Black "DesX"]
[BlackElo "2257"]
[TimeControl "180+0"]
[Result "0-1"]

1. e4 d5 2. exd5 e6 3. Bb5+ c6 4. dxc6 Nxc6 5. Bxc6+ bxc6 6. Nf3 
Nf6 7. Ne5 P@d7 8. d4 Be7 9. Nxf7 Kxf7 10. P@h6 gxh6 11. Bxh6 N@g4 
12. N@g5+ Kg6 13. Nxe6 dxe6 14. Bf4 N@d5 15. Qd2 Ne4 16. Qe2 Ngxf2 17. Be5 
P@f6 18. Nd2 Nxd2 19. Qxf2 N@e4 20. N@h4+ Kf7 21. Qe2 B@f2+ 22. Qxf2 Nxf2 
23. P@c7 Nxc7 24. Bxc7 Qxc7 25. B@h5+ P@g6 26. N@h6+ Ke8 27. Nxg6 hxg6 28. Bxg6+ 
P@f7 29. Bxf7+ Kd8 30. P@g7 Re8 31. Bxe8 Nf3+ 32. gxf3 N@d3+ 33. cxd3 Nxd3+ 
34. Kd1 P@e2+ 35. Kd2 B@g5+ 36. Kxd3 Q@d2+ 37. Kc4 Ba6+ 38. Kb3 Rb8+ 39. N@b7+ 
Rxb7+ 40. R@b6 Rxb6+ 41. P@b4 Rxb4+ 42. Ka3 Rb5+ 43. P@d6 Qb4# 
{Sunsetter checkmated} 0-1

[Event "fics rated crazyhouse match"]
[Site "fics, Oklahoma City, OK USA"]
[Date "2001.03.07"]
[White "DesX"]
[WhiteElo "2267"]
[Black "Sunsetter"]
[BlackElo "2359"]
[TimeControl "180+0"]
[Result "0-1"]

1. d4 Nf6 2. Nf3 Ng4 3. Bf4 d5 4. e3 Bd7 5. Bd3 e6 6. O-O 
Nc6 7. Ne5 Ngxe5 8. dxe5 N@a4 9. Qg4 Nxb2 10. N@h5 P@g6 11. Nxg7+ Bxg7 
12. P@f6 Bxf6 13. exf6 e5 14. B@f5 Bxf5 15. Bxf5 gxf5 16. Qg7 N@g6 17. Qxh8+ 
Nxh8 18. R@g8+ Kd7 19. Rxd8+ Rxd8 20. B@b5 Q@e6 21. Bxc6+ Kxc6 22. Nc3 R@b4 
23. a3 Rb6 24. N@b4+ Kd7 25. Ncxd5 exf4 26. Nxf4 Qxf6 27. Nbd5 Qd6 28. Nxb6+ 
axb6 29. R@d5 N@h3+ 30. gxh3 B@c5 31. Rxd6+ Bxd6 32. P@d5 Bxf4 33. P@c6+ Ke7 
34. N@c8+ Rxc8 35. Q@d7+ Kf6 36. Q@e7+ Kg7 37. exf4 N@f3+ 38. Kh1 P@g2+ 39. Kxg2 
N@h4# 
{DesX resigns} 0-1

[Event "fics rated crazyhouse match"]
[Site "fics, Oklahoma City, OK USA"]
[Date "2001.03.07"]
[White "Sunsetter"]
[WhiteElo "2365"]
[Black "DesX"]
[BlackElo "2261"]
[TimeControl "180+0"]
[Result "1-0"]

1. Nf3 d5 2. d4 Nf6 3. Bg5 e6 4. Bxf6 gxf6 5. Nbd2 Nc6 6. e3 
Bh6 7. N@g4 Bg7 8. h3 h5 9. Ngh2 B@e4 10. Rb1 Nb4 11. Nxe4 dxe4 
12. Nd2 f5 13. a3 Nxc2+ 14. Qxc2 P@d3 15. B@b5+ Bd7 16. Bbxd3 exd3 17. Bxd3 
Bc6 18. Ndf3 B@e4 19. Rd1 Bxd3 20. Rxd3 B@e4 21. N@f4 Bxd3 22. Nxd3 Be4 
23. B@b5+ N@c6 24. Bxc6+ bxc6 25. N@e5 Bxd3 26. Qxc6+ B@d7 27. Nxd7 N@c2+ 28. Kd1 
R@a1+ 29. B@c1 Nxd4 30. exd4 P@c2+ 31. Kd2 Be4 32. Nf6+ Kf8 33. Qc5+ Qd6 
34. Qxd6+ cxd6 35. P@e7+ Kxe7 36. N@g6+ Kxf6 37. Q@g5# 
{DesX checkmated} 1-0

[Event "fics rated crazyhouse match"]
[Site "fics, Oklahoma City, OK USA"]
[Date "2000.03.08"]
[White "Eyefor"]
[WhiteElo "2412"]
[Black "LordPixel"]
[BlackElo "2420"]
[TimeControl "0+1"]
[Result "1-0"]

1. e4 Nf6 2. Nc3 d5 3. exd5 Nxd5 4. Nf3 e6 5. d4 Nxc3 6. bxc3 
N@e4 7. P@b2 Nxf2 8. Kxf2 P@e4 9. Ng5 Qf6+ 10. Ke2 P@f5 11. N@e5 Nd7 
12. Nexf7 h6 13. P@e5 Qxg5 14. Nxg5 hxg5 15. Q@g6+ N@f7 16. Bxg5 Be7 17. P@f6 
Nxf6 18. exf6 Bxf6 19. N@d6+ cxd6 20. N@c7+ Kf8 21. Bd2 N@c4 22. Nxa8 
{LordPixel forfeits on time} 1-0

[Event "fics rated crazyhouse match"]
[Site "fics, Oklahoma City, OK USA"]
[Date "2000.03.08"]
[White "LordPixel"]
[WhiteElo "2412"]
[Black "Eyefor"]
[BlackElo "2420"]
[TimeControl "0+1"]
[Result "1-0"]

1. d4 e6 2. Nc3 d6 3. e4 Nf6 4. Bb5+ Bd7 5. Bg5 Bxb5 6. Bxf6 
Qxf6 7. Nxb5 B@a5+ 8. B@d2 Bxd2+ 9. Qxd2 Qd8 10. B@g5 Be7 11. Bxe7 Qxe7 
12. N@c8 Qd7 13. Nbxa7 Rxa7 14. Nxa7 N@c4 15. R@c8+ B@d8 16. Rxd8+ Kxd8 17. B@g5+ 
Ke8 18. Qc1 Nc6 19. B@c8 B@a5+ 20. P@c3 Bxc3+ 21. bxc3 P@b2 22. Bxd7+ Kxd7 
23. Qd1 bxa1=Q 24. Qxa1 B@b2 25. Nxc6 Bxa1 26. Q@b4 R@d1+ 27. Kxd1 R@e1+ 28. Kxe1 
Bxc3+ 29. Qxc3 Q@b1+ 30. R@d1 P@d2+ 31. Bxd2 Qxa2 32. R@e7+ Kxc6 33. N@b4+ Kb6 
34. Nxa2 N@b2 35. Rxf7 B@g6 36. Rb1 Bxf7 37. Rxb2+ P@b5 38. Rxb5+ Kxb5 39. Qxc4+ 
Kxc4 40. Q@d3# 
{Eyefor checkmated} 1-0

[Event "fics rated crazyhouse match"]
[Site "fics, Oklahoma City, OK USA"]
[Date "2000.03.08"]
[White "Eyefor"]
[WhiteElo "2412"]
[Black "LordPixel"]
[BlackElo "2420"]
[TimeControl "0+1"]
[Result "0-1"]

1. e4 e6 2. d4 d5 3. exd5 exd5 4. Bb5+ Bd7 5. Qe2+ Qe7 6. Bxd7+ 
Nxd7 7. Bf4 Qxe2+ 8. Nxe2 Bb4+ 9. Nbc3 Ba5 10. B@h3 Bxc3+ 11. Nxc3 Q@e7+ 
12. P@e6 fxe6 13. Bxc7 N@b4 14. B@d3 Nxd3+ 15. cxd3 P@d2+ 16. Kxd2 B@g5+ 17. P@f4 
P@b4 18. Q@h5+ B@g6 19. Qxg5 bxc3+ 20. bxc3 N@b5 21. Qxe7+ Nxe7 22. N@d6+ Nxd6 
23. Bxd6 Q@b2+ 24. P@c2 N@c4+ 25. dxc4 Qxc2+ 26. Ke1 Qxc3+ 27. B@d2 Qxa1+ 28. Q@c1 
R@e4+ 29. P@e3 Qxc1+ 30. Bxc1 Q@c3+ 31. Bd2 Rxe3+ 32. fxe3 P@f2+ 33. Kxf2 Qxd2+ 
34. R@e2 B@h4+ 35. P@g3 Qxe2+ 36. Kxe2 R@c2+ 37. Kd1 P@e2+ 38. Ke1 Rc1+ 39. Kxe2 
P@d3+ 40. Kd2 Rxc4 41. gxh4 Rc2+ 42. Ke1 d2+ 43. Kd1 P@b2 44. N@a3 b1=Q+ 
45. Nxb1 Rc6 46. Bxe7 Bxb1 47. Q@g5 N@c3+ 48. Kxd2 Ne4+ 49. Kd1 Nxg5 50. Q@h5+ 
Bg6 51. N@d6+ Rxd6 52. Qxg5 N@c3+ 53. Kd2 Q@c2+ 54. Ke1 Qe2# 
{Eyefor checkmated} 0-1

[Event "fics rated crazyhouse match"]
[Site "fics, Oklahoma City, OK USA"]
[Date "2000.03.08"]
[White "LordPixel"]
[WhiteElo "2428"]
[Black "Eyefor"]
[BlackElo "2404"]
[TimeControl "0+1"]
[Result "0-1"]

1. e4 e6 2. d4 d5 3. exd5 exd5 4. Bb5+ c6 5. Qe2+ Be7 6. Bf4 
cxb5 7. Bxb8 Rxb8 8. Qxb5+ B@c6 9. Qe2 B@a5+ 10. P@d2 P@e4 11. P@b5 B6d7 
12. N@e5 Bb6 13. Nxf7 Kxf7 14. Qh5+ Kf8 15. Qxd5 Nf6 16. Qe5 N@h4 17. Qg3 
Nh5 18. Qxb8 Nxg2+ 19. Kd1 Bxb5 20. R@a8 P@e2+ 21. Nxe2 Bxe2+ 22. Kxe2 Nhf4+ 
23. Kd1 P@e2+ 24. Kc1 N@d3+ 25. cxd3 Nxd3+ 26. Kc2 e1=N+ 27. Rxe1 Ngxe1+ 28. Kd1 
Bg4+ 29. f3 Bxf3+ 30. P@e2 R@c1# 
{LordPixel checkmated} 0-1

[Event "fics rated crazyhouse match"]
[Site "fics, Oklahoma City, OK USA"]
[Date "2000.03.08"]
[White "Eyefor"]
[WhiteElo "2413"]
[Black "LordPixel"]
[BlackElo "2419"]
[TimeControl "0+1"]
[Result "1-0"]

1. e4 e6 2. d4 d6 3. Nf3 Nf6 4. Bd3 Be7 5. e5 Ng4 6. Qe2 
Nc6 7. exd6 Bxd6 8. P@c5 Bxh2 9. Nxh2 Nxh2 10. Rxh2 Nxd4 11. B@a4+ P@c6 
12. Qg4 N@f5 13. c3 P@g3 14. fxg3 P@f2+ 15. Kxf2 h5 16. cxd4 e5 17. Bxf5 
Bxf5 18. Qxg7 B@f6 19. Qxh8+ Bxh8 20. R@g8+ Q@f8 21. Rxf8+ Kxf8 22. Bh6+ Kg8 
23. dxe5 Qd4+ 24. Ke1 Qxe5+ 25. N@e2 Bxb1 26. Rxb1 R@g1+ 27. N@f1 Rxf1+ 28. Kxf1 
Qf5+ 29. Q@f3 Qxb1+ 30. R@d1 R@h1+ 31. Ng1 Rxg1+ 32. Kxg1 P@f2+ 33. Qxf2 Qe4 
34. P@h7+ Kxh7 35. Qxf7+ N@g7 36. N@g5+ Kxh6 37. Qf6+ Qg6 38. R@h7# 
{LordPixel checkmated} 1-0

[Event "fics rated crazyhouse match"]
[Site "fics, Oklahoma City, OK USA"]
[Date "2000.03.08"]
[White "LordPixel"]
[WhiteElo "2411"]
[Black "Eyefor"]
[BlackElo "2421"]
[TimeControl "0+1"]
[Result "1-0"]

1. e4 e6 2. d4 d6 3. Nf3 Nf6 4. Bd3 Nc6 5. c3 d5 6. e5 
Ne4 7. O-O Be7 8. Qc2 f5 9. exf6 Nxf6 10. P@g5 Ng4 11. Bxh7 P@f7 
12. P@g6 f6 13. gxf6 Bxf6 14. P@f7+ Kf8 15. Bf4 Rxh7 16. gxh7 Kxf7 17. Bxc7 
Qxc7 18. P@g6+ Ke8 19. h8=Q+ Kd7 20. R@f7+ B@e7 21. Rxg7 Nxd4 22. Nxd4 Bxg7 
23. Qa4+ P@c6 24. N@c5+ Bxc5 25. Qxg7+ R@e7 26. Qh8 B@e5 27. P@f6 Bcxd4 28. cxd4 
Bxf6 29. Qh5 N@e2+ 30. Kh1 Nxf2+ 31. Rxf2 N@g3+ 32. hxg3 Nxg3+ 33. Kg1 Nxh5 
34. N@c5+ Ke8 35. B@f7+ Kd8 36. B@h2 P@g3 37. Bxg3 Qxg3 38. N@f1 Qc7 39. P@h7 
P@f5 40. Nxe6+ Rxe6 41. Rxf5 Bxd4+ 42. P@f2 N@e2+ 43. Kh1 Bxb2 44. Rxh5 Bxa1 
45. h8=Q+ B@e8 46. Rxd5+ P@d6 47. Qah4+ P@f6 48. Rxd6+ Qxd6 49. Qh2 Qxh2+ 50. Qxh2 
R@g1+ 51. Qxg1 R@h6+ 52. R@h3 Rxh3+ 53. gxh3 Q@e4+ 54. P@f3 Qxf3+ 55. P@g2 P@c2 
56. gxf3 Nxg1 57. Q@d3+ R@d6 58. P@e7+ Kxe7 59. N@f5+ Kd8 60. Qxd6+ Rxd6 61. Q@e7# 
{Eyefor checkmated} 1-0

[Event "fics rated crazyhouse match"]
[Site "fics, Oklahoma City, OK USA"]
[Date "2000.03.08"]
[White "Eyefor"]
[WhiteElo "2413"]
[Black "LordPixel"]
[BlackElo "2419"]
[TimeControl "0+1"]
[Result "1-0"]

1. e4 Nf6 2. Nc3 d5 3. exd5 Nxd5 4. d4 e6 5. Nxd5 exd5 6. Nf3 
Nc6 7. Be2 P@h3 8. N@f4 hxg2 9. Nxg2 P@h3 10. Nf4 N@g2+ 11. Nxg2 hxg2 
12. Rg1 N@h4 13. N@c3 Nxf3+ 14. Bxf3 N@b4 15. N@e3 Nxc2+ 16. Nxc2 P@e4 17. Bxg2 
Bf5 18. Ne3 Be6 19. P@f5 Bc8 20. N@h5 g6 21. P@g7 gxh5 22. gxh8=Q N@d3+ 
23. Qxd3 exd3 24. N@f6+ Qxf6 25. Qxf6 N@d7 26. Q@e6+ Q@e7 27. Qfxf7+ Kd8 28. R@e8+ 
Qxe8 29. Qexe8# 
{LordPixel checkmated} 1-0

[Event "fics rated crazyhouse match"]
[Site "fics, Oklahoma City, OK USA"]
[Date "2000.03.08"]
[White "LordPixel"]
[WhiteElo "2411"]
[Black "Eyefor"]
[BlackElo "2421"]
[TimeControl "0+1"]
[Result "0-1"]

1. d4 e6 2. Nc3 d6 3. e4 Nf6 4. Nf3 Nc6 5. Bb5 Ng4 6. Ng5 
e5 7. Bc4 Nh6 8. dxe5 Nxe5 9. Bb5+ P@c6 10. P@f4 Neg4 11. Be2 Nxf2 
12. Kxf2 P@f6 13. Nf3 Bg4 14. Ke1 Bxf3 15. Bxf3 N@b5 16. Nxb5 cxb5 17. N@d4 
a6 18. B@d5 Ra7 19. N@f5 Nxf5 20. Nxf5 N@c4 21. Bxf7+ Kxf7 22. Bh5+ g6 
23. Qd4 N@c6 24. Qd5+ B@e6 25. N@h6+ Bxh6 26. P@e7 Qd7 27. Nxh6+ Kxe7 28. B@g4 
Bxd5 29. Bxd7 Q@a5+ 30. Q@c3 gxh5 31. exd5 Qxc3+ 32. bxc3 Q@e4+ 33. B@e2 B@h4+ 
34. g3 Qxh1+ 35. Q@f1 Qxf1+ 36. Bxf1 N@f3+ 37. Kf2 Q@e1+ 38. Kg2 R@f2+ 39. Kh3 
Rxh2# 
{LordPixel checkmated} 0-1

[Event "fics rated crazyhouse match"]
[Site "fics, Oklahoma City, OK USA"]
[Date "2000.03.08"]
[White "Eyefor"]
[WhiteElo "2429"]
[Black "LordPixel"]
[BlackElo "2403"]
[TimeControl "0+1"]
[Result "0-1"]

1. e4 Nf6 2. Nc3 d5 3. exd5 Nxd5 4. d4 e6 5. Nxd5 exd5 6. Nf3 
Nc6 7. Be2 P@h3 8. N@f4 hxg2 9. Nxg2 Bb4+ 10. Bd2 N@e4 11. Bxb4 Nxb4 
12. B@a4+ P@c6 13. P@e5 Bf5 14. P@d3 Nxf2 15. Kxf2 P@g4 16. N@h5 B@h6 17. Ke1 
gxf3 18. Bxf3 Nxd3+ 19. cxd3 P@d2+ 20. Kf1 Bxd3+ 21. P@e2 Bc4 22. N@c5 P@h3 
23. Nxg7+ Bxg7 24. P@d7+ Kf8 25. Qxd2 hxg2+ 26. Bxg2 N@e4 27. Nxe4 Bxe2+ 28. Kxe2 
dxe4 29. Qb4+ N@e7 30. Bxe4 N@f4+ 31. Kd1 N@f2+ 32. Kc2 Nxe4 33. Qxb7 Ne2 
34. B@d3 Nxd4+ 35. Kb1 Nd2+ 36. Kc1 P@g2 37. Kxd2 P@e3+ 38. Kxe3 gxh1=Q 39. Rxh1 
R@f3+ 40. Kd2 Rxd3+ 41. Kxd3 B@a6+ 42. Qxa6 B@e2+ 43. Kd2 Bxa6 44. R@e8+ Qxe8 
45. dxe8=Q+ Kxe8 46. N@c5 Nf3+ 47. Kc2 R@c4+ 48. Kb1 Nd2+ 49. Ka1 Rxc5 50. N@d4 
Bxe5 51. B@g5 Q@c1+ 52. Q@b1 Qxb1+ 53. Rxb1 P@c2 54. Nxc2 Bxb2+ 55. Rxb2 Q@d1+ 
56. B@b1 Rxg5 57. P@b7 Rb8 58. Q@f6 Qxb1+ 59. Rxb1 B@e5+ 60. Qxe5 Rxe5 61. P@f6 
Rxb7 62. Q@a8+ Kd7 63. B@h3+ P@f5 64. Qxb7 B@c3+ 65. P@b2 Bxb7 66. bxc3 Nxb1 
67. R@d4+ N@d5 68. Kxb1 R@g1+ 69. B@f1 P@e2 70. N@c5+ Kc8 71. P@d7+ Kb8 72. Nxb7 
exf1=Q+ 73. Bxf1 Rxf1+ 74. B@d1 Q@b6+ 75. P@b5 Nxc3+ 76. Kc1 Ne2+ 77. Kb2 B@c1+ 
78. Ka1 Q@b2# 
{Eyefor checkmated} 0-1

[Event "fics rated crazyhouse match"]
[Site "fics, Oklahoma City, OK USA"]
[Date "2000.03.08"]
[White "LordPixel"]
[WhiteElo "2412"]
[Black "Eyefor"]
[BlackElo "2420"]
[TimeControl "0+1"]
[Result "1-0"]

1. e4 Nf6 2. e5 Nd5 3. d4 Nc6 4. Nf3 e6 5. Bd2 Bb4 6. Bxb4 
Ncxb4 7. a3 Nc6 8. B@g5 B@e7 9. Bxe7 Ncxe7 10. B@h5 B@a5+ 11. Nbd2 g6 
12. Bg4 h5 13. Bh3 Nf4 14. g3 Nxh3 15. Bxh3 Bxd2+ 16. Nxd2 B@g7 17. N@c5 
d6 18. exd6 Qxd6 19. B@a4+ P@c6 20. P@c3 Qd5 21. Rg1 N@f5 22. Bxf5 Nxf5 
23. N@f4 Qd8 24. Nf3 B@f8 25. Nfd3 Bxc5 26. Nxc5 N@c4 27. Ra2 e5 28. dxe5 
Qxd1+ 29. Kxd1 Q@d5+ 30. B@d4 Qxf3+ 31. P@e2 Qg4 32. Q@d5 N@d2 33. Bxc6+ bxc6 
34. Qxc6+ Kd8 35. Qxa8 Nxd4 36. R@d5+ B@d6 37. Rxd4 Qxe2+ 38. Kxe2 B@f3+ 39. Qxf3 
Nxf3 40. N@c6+ Ke8 41. Q@d8# 
{Eyefor checkmated} 1-0

[Event "fics rated crazyhouse match"]
[Site "fics, Oklahoma City, OK USA"]
[Date "2000.03.08"]
[White "Eyefor"]
[WhiteElo "2412"]
[Black "LordPixel"]
[BlackElo "2420"]
[TimeControl "0+1"]
[Result "0-1"]

1. e4 e6 2. d4 d6 3. Nf3 Nf6 4. Bd3 Nc6 5. c3 e5 6. d5 
Nb8 7. h3 Nbd7 8. Ng5 Nc5 9. Be3 Nxd3+ 10. Qxd3 h6 11. Nxf7 Kxf7 
12. P@e6+ Kg8 13. N@f7 Qe7 14. Nxd6 Qxd6 15. P@f7+ Kh7 16. Bxa7 Rxa7 17. P@c2 
N@c5 18. Qf3 Nfxe4 19. b4 Qxd5 20. bxc5 P@d2+ 21. Nxd2 Qxd2+ 22. Kf1 B@b5+ 
23. P@d3 Nxc3 24. Qf5+ P@g6 25. Qxe5 P@e2+ 26. Kg1 Rxa2 27. Rxa2 e1=Q+ 28. Qxe1 
Qxe1+ 29. Kh2 Qxe6 30. Ra3 Qxf7 31. R@f3 B@e5+ 32. P@g3 Bf5 33. N@g4 Bxg3+ 
34. Rxg3 Ne2 35. Ne5 Qe6 36. Re3 Q@f4+ 37. P@g3 Qxf2 38. Rxe2 Qxe2 39. N@d4 
Q6xe5 40. Nxe2 Qxe2 41. Q@d5 Bc6 42. B@d1 Qf2 43. Qxc6 bxc6 44. Ra7 Kg8 
45. Rxc7 Bxc5 46. P@f7+ Kf8 47. B@e5 Qxg2+ 48. Kxg2 Q@f2# 
{Eyefor checkmated} 0-1

[Event "fics rated crazyhouse match"]
[Site "fics, Oklahoma City, OK USA"]
[Date "2000.03.08"]
[White "LordPixel"]
[WhiteElo "2428"]
[Black "Eyefor"]
[BlackElo "2404"]
[TimeControl "0+1"]
[Result "1-0"]

1. e4 Nf6 2. Nc3 d5 3. exd5 Nxd5 4. d4 e6 5. Nxd5 exd5 6. Nf3 
Nc6 7. Be2 P@h3 8. N@f4 hxg2 9. Nxg2 P@h3 10. Nf4 N@g2+ 11. Nxg2 hxg2 
12. Rg1 N@h4 13. N@g5 Nxf3+ 14. Bxf3 N@c4 15. Rxg2 Bb4+ 16. P@c3 Be7 17. N@h5 
Bf6 18. Nxf6+ gxf6 19. P@g7 Rg8 20. Qe2+ N@e6 21. Nxh7 f5 22. B@g5 Nxd4 
23. cxd4 P@e7 24. N@f6+ exf6 25. Nxf6+ Qxf6 26. Bxf6 N@e7 27. Bxe7 Kxe7 28. P@f6+ 
Kxf6 29. Q@h4+ P@g5 30. Bxg5+ Nxg5 31. Qxg5# 
{Eyefor checkmated} 1-0

[Event "fics rated crazyhouse match"]
[Site "fics, Oklahoma City, OK USA"]
[Date "2000.03.08"]
[White "Eyefor"]
[WhiteElo "2397"]
[Black "LordPixel"]
[BlackElo "2435"]
[TimeControl "0+1"]
[Result "1-0"]

1. e4 Nf6 2. Nc3 d5 3. exd5 Nxd5 4. Nf3 e6 5. d4 Nxc3 6. bxc3 
N@e4 7. P@b2 Nxf2 8. Kxf2 P@e4 9. Bb5+ P@c6 10. Bg5 f6 11. Ne5 fxg5 
12. Bxc6+ Nxc6 13. Qh5+ B@g6 14. P@f7+ Ke7 15. Qxg5+ B@f6 16. Qxf6+ gxf6 17. B@c5+ 
Q@d6 18. N@g8+ Rxg8 19. Bxd6+ cxd6 20. Nxc6+ bxc6 21. fxg8=Q e3+ 22. Ke1 B@d2+ 
23. Kf1 Bxc3 24. bxc3 N@d2+ 25. Ke1 P@f2+ 26. Kd1 N@e4 27. Q@d3 Bh6 28. Qxd8+ 
Kxd8 29. R@g8+ Be8 30. N@f7+ Kc7 31. B@d8+ Kb8 32. Q@c7# 
{LordPixel checkmated} 1-0

[Event "fics rated crazyhouse match"]
[Site "fics, Oklahoma City, OK USA"]
[Date "2000.03.08"]
[White "LordPixel"]
[WhiteElo "2426"]
[Black "Eyefor"]
[BlackElo "2406"]
[TimeControl "0+1"]
[Result "0-1"]

1. d4 e6 2. Nc3 d6 3. e4 Nf6 4. Nf3 Nc6 5. Bb5 Ng4 6. Ng5 
Nxf2 7. Kxf2 P@f6 8. Bxc6+ bxc6 9. Nxf7 Kxf7 10. Ke1 Ke8 11. P@f7+ Kxf7 
12. d5 cxd5 13. N@c6 B@h4+ 14. g3 N@g2+ 15. Kf1 Qe8 16. N@d8+ Kg8 17. gxh4 
Ba6+ 18. Kxg2 Rxd8 19. Nxd8 P@e2 20. B@f7+ Qxf7 21. Nxf7 P@f3+ 22. Kf2 exd1=N+ 
23. Rxd1 N@h3+ 24. Kxf3 B@h5+ 25. Kg2 Q@f3# 
{LordPixel checkmated} 0-1